 Dungeon Crawl Stone Soup version 0.30-a0-585-g93115170b9 (webtiles) character file.

Game seed: 4244490411516354459

12449 OTABOTABOTAB the Transmogrifier (level 11, -1/92 HPs)
             Began as a Yellow Draconian Transmuter on Jan 1, 2023.
             Was a Priest of Cheibriados.
             Slain by a centaur (5 damage)
             ... on level 11 of the Dungeon.
             The game lasted 00:34:59 (16570 turns).

OTABOTABOTAB the Transmogrifier (DrTm)             Turns: 16570, Time: 00:35:00

Health: -1/92      AC:  2    Str: 22    XL:     11   Next: 62%
Magic:  1/17       EV: 26    Int: 25    God:    Cheibriados [***...]
Gold:   1119       SH:  0    Dex: 30    Spells: 5/18 levels left

rFire   . . .      SeeInvis +      - Unarmed
rCold   . . .      Faith    .    (shield currently unavailable)
rNeg    . . .      Spirit   .    (body armour unavailable)
rPois   x          Reflect  .    (helmet currently unavailable)
rElec   .          Harm     .    (cloak currently unavailable)
rCorr   .          Rampage  .    (gloves currently unavailable)
Will    .....                    (boots currently unavailable)
Stlth   ++                       (no amulet)
HPRegen 0.35/turn                d - +6 ring of dexterity
MPRegen 0.15/turn                h - ring of see invisible {sInv, !d}

@: spider-form, very slow
A: venomous fangs, (spit acid), AC +7, tiny, unfitting armour, (cold-blooded),
(acid resistance)
a: End Transformation, Renounce Religion, Bend Time, Temporal Distortion


You were on level 11 of the Dungeon.
You worshipped Cheibriados.
Cheibriados was most pleased with you.
You were a venomous arachnid creature.
You visited 2 branches of the dungeon, and saw 12 of its levels.
You also visited: Sewer.

You collected 1119 gold pieces.

Inventory:

Hand Weapons
 a - the +4 spear of Biutil (melded) {freeze, rF+ MP+9 Stlth+}
   (You found it on level 3 of the Dungeon)

   It freezes those it strikes, dealing additional cold damage.
   It can also slow down cold-blooded creatures.
   rF:        It protects you from fire.
   MP:        It affects your magic capacity (+9).
   Stlth:     It makes you more stealthy.
Missiles
 c - 32 poisoned darts
 m - 3 throwing nets {!d}
 o - 6 boomerangs
 s - 17 stones (quivered)
 x - 7 silver boomerangs
Armour
 g - a +3 buckler (melded)
   (You found it on level 4 of the Dungeon)
 i - a +0 pair of boots (melded)
   (You found it on level 8 of the Dungeon)
 q - a +0 cloak (melded)
   (You found it on level 5 of the Dungeon)
 r - a +2 cloak of preservation
   (You took it off Maurice on level 9 of the Dungeon)
 w - a +0 pair of gloves (melded)
   (You found it on level 6 of the Dungeon)
 A - the +3 hat of Pondering (melded) {ponderous, Will+ MP+10 Int+5}
   (You took it off Gastronok on level 8 of the Dungeon)

   Int:       It affects your intelligence (+5).
   MP:        It affects your magic capacity (+10).
   Will:      It increases your willpower.
Jewellery
 d - a +6 ring of dexterity (left front leg)
   (You found it on level 2 of the Dungeon)
 f - a ring of fire {rF+, rC-}
   (You found it on level 1 of the Dungeon)
 h - a ring of see invisible (right front leg) {sInv, !d}
   (You found it on level 1 of the Dungeon)
Wands
 e - a wand of charming (9)
   (You found it on level 4 of the Dungeon)
 j - a wand of polymorph (2)
   (You took it off Maurice on level 9 of the Dungeon)
 l - a wand of light (5)
   (You found it on level 3 of the Dungeon)
 t - a wand of roots (8)
   (You found it on level 7 of the Dungeon)
 y - a wand of mindburst (6)
   (You took it off a kobold brigand on level 9 of the Dungeon)
Scrolls
 b - a scroll of fog
 k - 3 scrolls of amnesia
 u - a scroll of enchant armour
 v - a scroll of enchant weapon
 K - 4 scrolls of immolation {!r}
 V - 3 scrolls of vulnerability {!r!r}
 X - a scroll of magic mapping {@r4!r}
 Y - 8 scrolls of teleportation {@r3}
Potions
 n - a potion of cancellation
 p - a potion of magic
 z - a potion of attraction {unknown}
 B - 6 potions of brilliance
 C - a potion of degeneration {unknown}
 G - 5 potions of ambrosia {!q}
 I - a potion of invisibility
 J - 3 potions of curing {@q1}
 L - 3 potions of flight
 M - a potion of might
 P - 4 potions of lignification {!q}
 R - a potion of resistance
 U - a potion of mutation {!q}


   Skills:
 + Level 7.4 Fighting
 + Level 5.1 Dodging
 - Level 5.0 Shields
 + Level 8.4 Unarmed Combat
 - Level 4.2 Spellcasting
 - Level 12.0 Transmutations
 - Level 5.0 Ice Magic
 - Level 3.0 Poison Magic


You had 5 spell levels left.
You knew the following spells:

 Your Spells              Type           Power      Damage    Failure   Level
a - Beastly Appendage     Tmut           100%       N/A       1%          1
b - Ice Form              Ice/Tmut       47%        N/A       10%         4
c - Spider Form           Tmut/Pois      42%        N/A       6%          3
x - Blade Hands           Tmut           30%        N/A       8%          5

Your spell library contained the following spells:

 Spells                   Type           Power      Damage    Failure   Level
 Wereblood                Tmut           60%        N/A       1%          2
 Passwall                 Tmut/Erth      29%        N/A       5%          2
 Ignite Poison            Fire/Tmut/Pois 30%        N/A       12%         3
 Ensorcelled Hibernation  Hex/Ice        34%        N/A       14%         2
 Poisonous Vapours        Pois/Air       24%        N/A       21%         2
 Magic Dart               Conj           20%        1d4       22%         1
 Cigotuvi's Dreadful Rot  Necr/Pois/Air  20%        N/A       22%         2
 Searing Ray              Conj           10%        2d4       32%         2
 Mephitic Cloud           Conj/Pois/Air  10%        N/A       38%         3
 Dazzling Flash           Conj/Hex       10%        N/A       47%         3
 Kindle Blastsparks       Fire/Tloc/Air  10%        2d10      47%         3
 Portal Projectile        Hex/Tloc       10%        N/A       47%         3
 Stone Arrow              Conj/Erth      10%        3d7       47%         3
 Swiftness                Air            5%         N/A       47%         3
 Tukima's Dance           Hex            5%         N/A       47%         3
 Dispel Undead            Necr           5%         3d7       83%         4
 Fulminant Prism          Conj/Hex       2%         3d5       83%         4
 Iskenderun's Mystic Bla  Conj/Tloc      5%         2d3       83%         4
 Freezing Cloud           Conj/Ice/Air   6%         6-21      90%         5
 Death Channel            Necr           2%         N/A       100%        6
 Starburst                Conj/Fire      2%         6d3       100%        6
 Lehudib's Crystal Spear  Conj/Erth      2%         10d2      100%        8
 Animate Armour           Summ/Erth      Unusable   N/A       N/A         4

Dungeon Overview and Level Annotations

Branches:
Dungeon (11/15)            Temple (1/1) D:6           Sewer (visited)
   Lair: D:8-11         Orc: D:9-12

Altars:
Ashenzari
Cheibriados
Dithmenos
Elyvilon
Fedhas
Gozag
Hepliaklqana
Kikubaaqudgha
Makhleb
Nemelex Xobeh
Qazlal
Ru
Sif Muna
Trog
Uskayaw
Vehumet
Wu Jian
Xom
Yredelemnul
Zin
The Shining One

Shops:
D:1 [   D:10 [


Innate Abilities, Weirdness & Mutations

You are a venomous arachnid creature.
You have poisonous fangs.
You are tiny and dextrous.
Your spellcasting is less reliable in this form.
Your armour is entirely melded.
You are incapable of wielding weapons or throwing items.
((You can spit globs of acid.))
((Your golden yellow scales are hard. (AC +7)))
You cannot fit into any form of body armour.
((You are cold-blooded and may be slowed by cold attacks.))
((You are resistant to acid. (rCorr)))


Message History

The +4 spear of Biutil {freeze, rF+ MP+9 Stlth+} glows with a cold blue light!
You feel rather ponderous.
You start resting.
Health restored: 92; MP restored: 36 Unknown command.
Items here: )))) [[ รทรทรท.
There is an open door here.
You open the door.
There is an open door here.
You open the door.
There is an open door here.
You see here a +0 trident.
Found a stone staircase leading down.
There is an open door here.
There is a stone staircase leading down here.
You see here 2 large rocks.
You open the door.
There is an open door here.
I - a potion of invisibility You open the door.
There is an open door here.
There is an open door here.
A troll comes into view.
A troll is nearby!
A troll is nearby!
You turn into a venomous arachnid creature.
The +4 spear of Biutil {freeze, rF+ MP+9 Stlth+} melds into your body.
Your +0 cloak melds into your body.
The +3 hat of Pondering {ponderous, Will+ MP+10 Int+5} melds into your body.
Your +0 pair of gloves melds into your body.
Your +0 pair of boots melds into your body.
Your +3 buckler melds into your body.
You feel your magic capacity decrease.
The +4 spear of Biutil {freeze, rF+ MP+9 Stlth+} stops glowing.
That put a bit of spring back into your step.
You feel your magic capacity decrease.
You now have 7/17 mp.
The troll misses you. The troll barely misses you. x2
You hit the troll but do no damage.
The troll is poisoned.
Unknown command.
You completely miss the troll. The troll completely misses you.
The troll claws you. The troll completely misses you.
You take 1 damage, and have 91/92 hp.
You bite the troll!
The troll looks as sick as possible!
The troll closely misses you. x2; The troll completely misses you.
Health restored: 92 You hit the troll but do no damage.
The troll looks as sick as possible!
The troll misses you. The troll claws you. The troll misses you.
You take 5 damage, and have 87/92 hp.
You hit the troll.
The troll looks as sick as possible!
The troll closely misses you. The troll claws you. The troll barely misses you.
You take 6 damage, and have 81/92 hp.
You bite the troll!
The troll looks as sick as possible!
You kill the troll!
Cheibriados appreciates the change of pace.
The troll leather armour is intact enough to wear.
Your transformation has ended.
The +4 spear of Biutil {freeze, rF+ MP+9 Stlth+} unmelds from your body.
Your +0 cloak unmelds from your body.
The +3 hat of Pondering {ponderous, Will+ MP+10 Int+5} unmelds from your body.
Your +0 pair of gloves unmelds from your body.
Your +0 pair of boots unmelds from your body.
Your +3 buckler unmelds from your body.
The +4 spear of Biutil {freeze, rF+ MP+9 Stlth+} glows with a cold blue light!
You feel rather ponderous.
A wraith comes into view.
You regained 2 hp, and now have 84/92 hp.
A centaur comes into view. It is quivering poisoned darts.
You turn into a venomous arachnid creature.
The +4 spear of Biutil {freeze, rF+ MP+9 Stlth+} melds into your body.
Your +0 cloak melds into your body.
The +3 hat of Pondering {ponderous, Will+ MP+10 Int+5} melds into your body.
Your +0 pair of gloves melds into your body.
Your +0 pair of boots melds into your body.
Your +3 buckler melds into your body.
You feel your magic capacity decrease.
The +4 spear of Biutil {freeze, rF+ MP+9 Stlth+} stops glowing.
That put a bit of spring back into your step.
You feel your magic capacity decrease.
The centaur shouts!
The centaur wields a +3 shortbow.
The centaur shoots an arrow.
The arrow hits you!
You take 8 damage, and have 78/92 hp.
You now have 0/17 mp.
The centaur shoots an arrow.
The arrow hits you!
The centaur shoots an arrow.
The arrow completely misses you.
The centaur shoots an arrow.
The arrow hits you!
You take 26 damage, and have 52/92 hp.
MASSIVE DAMAGE!!
The centaur shoots an arrow.
The arrow hits you.
The centaur shoots an arrow.
The arrow barely misses you.
You take 1 damage, and have 51/92 hp.
The centaur shoots an arrow.
The arrow hits you!!
The centaur shoots an arrow.
The arrow hits you!
* * * LOW HITPOINT WARNING * * *
The centaur shoots an arrow.
The arrow hits you!
* * * LOW HITPOINT WARNING * * *
You take 43 damage, and have 8/92 hp.
MASSIVE DAMAGE!!
The centaur unwields a +3 shortbow.
The centaur hits you.
* * * LOW HITPOINT WARNING * * *
The centaur misses you. The centaur hits you.
You die...

###### #....# #....#
#....####
#....'..#########
#....##.........####
#.cs.##########.....
##'#...## ######
#.###..# #. ##.# ##
#[# #.# ... #'# #.#


You could see a centaur.

Vanquished Creatures
  Gastronok (D:8)
  A two-headed ogre (D:9)
  Amaemon (D:8)
  A cyclops (D:11)
  Maurice (D:9)
  An orange demon (D:8)
  A gargoyle (D:11)
  An unseen horror (D:11)
  A komodo dragon (D:11)
  4 trolls
  Grinder (D:3)
  Sigmund (D:5)
  10 yaks
  2 wyverns
  2 steam dragons
  Menkaure (D:7)
  Edmund (D:6)
  Duvessa (D:5)
  A water moccasin (D:5)
  3 ice beasts
  4 orc warriors
  5 black bears
  A sky beast (D:7)
  An ogre (D:7)
  A centaur (D:9)
  A phantom (D:5)
  6 kobold brigands
  Blork the orc (D:5)
  6 bullfrogs
  5 scorpions
  4 necrophages
  11 wights
  Dowan (D:5)
  4 killer bees (D:9)
  4 howler monkeys
  5 jellies
  3 hounds
  6 orc priests
  A gnoll bouda (D:7)
  2 iguanas
  Natasha (thrice) (D:3)
  6 orc wizards
  8 gnolls
  A river rat (D:5)
  5 adders
  3 shadow imps
  2 white imps (D:7)
  An ufetubus (Sewer)
  2 worms
  2 dart slugs
  35 orcs
  7 bats
  A bat zombie (Sewer)
  8 endoplasms
  5 giant cockroaches
  8 hobgoblins
  5 jackals
  39 kobolds
  5 quokkas
  8 ball pythons
  2 frilled lizards
  10 goblins
  2 rats
276 creatures vanquished.

Vanquished Creatures (others)
  2 wights (D:10)
  7 fungi (D:11)
  2 plants (D:11)
11 creatures vanquished.

Grand Total: 287 creatures vanquished

Notes
Turn   | Place    | Note
-------+----------+-------------------------------------------
     0 | D:1      | OTABOTABOTAB the Draconian Transmuter began the quest for
                  | the Orb.
     0 | D:1      | Reached XP level 1. HP: 16/16 MP: 3/3
   153 | D:1      | Reached skill level 2 in Dodging
   293 | D:1      | Reached XP level 2. HP: 23/23 MP: 3/5
   462 | D:1      | Found Fuurit's Armour Boutique.
   836 | D:1      | You fall into a shaft and drop 1 floor!
   969 | D:2      | Reached skill level 2 in Fighting
  1204 | D:2      | Found a hide-covered altar of Uskayaw.
  1209 | D:2      | Reached XP level 3. HP: 29/29 MP: 4/6
  1246 | D:2      | Learned a level 3 spell: Spider Form
  1564 | D:2      | Found a faded altar of an unknown god.
  1905 | D:3      | Reached skill level 1 in Poison Magic
  1950 | D:3      | Noticed Natasha
  2132 | D:3      | Noticed Grinder
  2151 | D:3      | Killed Grinder
  2152 | D:3      | Reached skill level 4 in Transmutations
  2152 | D:3      | Reached skill level 3 in Poison Magic
  2152 | D:3      | Reached XP level 4. HP: 12/36 MP: 4/7
  2152 | D:3      | Reached XP level 5. HP: 14/41 MP: 4/8
  2322 | D:3      | Identified the +4 spear of Biutil {freeze, rF+ MP+9 Stlth+}
  2336 | D:3      | Killed Natasha
  2337 | D:3      | Reached XP level 6. HP: 35/48 MP: 9/9
  2342 | D:3      | Learned a level 4 spell: Ice Form
  2816 | D:3      | Noticed Natasha
  2823 | D:3      | Killed Natasha
  2883 | D:3      | Noticed Natasha
  2891 | D:3      | Killed Natasha
  2943 | D:4      | Reached skill level 5 in Transmutations
  3096 | D:4      | HP: 12/48 [gnoll/+0 spear (6)]
  3100 | D:4      | Reached skill level 6 in Transmutations
  3243 | D:4      | Your scales start taking on a golden yellow colour.
  3243 | D:4      | Reached XP level 7. HP: 51/55 MP: 10/10
  3243 | D:4      | Gained mutation: You are resistant to acid. (rCorr) [Yellow
                  | Draconian growth]
  3298 | D:4      | Reached skill level 1 in Shields
  4208 | D:4      | Reached skill level 2 in Shields
  4715 | D:5      | Entered Level 5 of the Dungeon
  4740 | D:5      | Noticed Sigmund
  4750 | D:5      | Killed Sigmund
  4751 | D:5      | Reached skill level 1 in Ice Magic
  4843 | D:5      | Noticed Dowan
  4870 | D:5      | Reached skill level 3 in Shields
  4870 | D:5      | Reached skill level 2 in Ice Magic
  4885 | D:5      | Reached skill level 7 in Transmutations
  4894 | D:5      | Found a glowing drain.
  4898 | Sewer    | Entered a sewer
  5305 | Sewer    | Reached XP level 8. HP: 61/61 MP: 11/11
  5537 | Sewer    | Reached skill level 3 in Ice Magic
  5667 | Sewer    | Found an ancient bone altar of Kikubaaqudgha.
  5865 | D:5      | Noticed Blork the orc
  5874 | D:5      | Killed Blork the orc
  5875 | D:5      | Reached skill level 4 in Shields
  6209 | D:5      | HP: 14/61 [ice beast (13)]
  6210 | D:5      | HP: 6/61 [ice beast (6)]
  6222 | D:5      | HP: 15/61 [ice beast (2)]
  6222 | D:5      | HP: 5/61 [ice beast (10)]
  7073 | D:5      | Noticed Duvessa
  7078 | D:5      | Killed Duvessa
  7079 | D:5      | Reached skill level 5 in Shields
  7079 | D:5      | Reached skill level 8 in Transmutations
  7090 | D:5      | Killed Dowan
  7483 | D:6      | Noticed Edmund
  7501 | D:6      | HP: 12/59 [Edmund/+1 dire flail of protection (15)]
  7504 | D:6      | HP: 4/59 [orc priest/divine providence (9)]
  7506 | D:6      | Killed Edmund
  7507 | D:6      | Reached skill level 9 in Transmutations
  7515 | D:5      | HP: 15/60 [poisoned by a water moccasin]
  7518 | D:5      | HP: 7/72 [water moccasin (3)]
  7520 | D:5      | HP: 2/72 [water moccasin (2)]
  7524 | D:5      | Reached XP level 9. HP: 24/67 MP: 1/13
  7528 | D:5      | Reached skill level 3 in Spellcasting
  7708 | D:5      | HP: 18/80 [orc warrior/+0 war axe (7)]
  7994 | D:6      | HP: 10/80 [steam dragon/ball of steam (21)]
  7995 | D:6      | HP: 3/80 [something (7)]
  8361 | D:6      | Reached skill level 4 in Spellcasting
  8660 | D:6      | Found a staircase to the Ecumenical Temple.
  8666 | Temple   | Entered the Ecumenical Temple
  8939 | Temple   | Became a worshipper of Cheibriados the Contemplative
  8984 | D:6      | Found an opulent altar of Gozag.
  9120 | D:6      | Found a hazy altar of Hepliaklqana.
  9438 | D:6      | Identified a scroll of acquirement
  9438 | D:6      | Acquired a book of Weapons
  9446 | D:6      | Learned a level 5 spell: Blade Hands
  9775 | D:7      | Identified the +4 chain mail "Puot" {rF+ Str+2 Int+2 Dex-5}
  9903 | D:7      | Noticed a troll
  9912 | D:7      | Killed a troll
  9913 | D:7      | Reached skill level 4 in Unarmed Combat
 10072 | D:7      | Reached skill level 3 in Fighting
 10096 | D:7      | Reached skill level 10 in Transmutations
 10524 | D:7      | Found a glowing silver altar of Zin.
 10582 | D:7      | Reached * piety under Cheibriados
 10583 | D:7      | Reached skill level 5 in Unarmed Combat
 10759 | D:7      | Reached skill level 4 in Ice Magic
 10778 | D:7      | Noticed Menkaure
 10783 | D:7      | Killed Menkaure
 10963 | D:7      | Reached XP level 10. HP: 68/78 MP: 1/16
 11344 | D:8      | Reached skill level 4 in Fighting
 11349 | D:8      | HP: 16/72 [wight/+0 morningstar (15)]
 11841 | D:8      | Noticed Amaemon
 11889 | D:8      | Reached skill level 6 in Unarmed Combat
 12003 | D:8      | Killed Amaemon
 12004 | D:8      | Noticed an orange demon
 12004 | D:8      | HP: 16/80 [poisoned by Amaemon]
 12012 | D:8      | Killed an orange demon
 12013 | D:8      | Reached skill level 5 in Ice Magic
 12016 | D:8      | HP: 20/80 [poisoned by an orange demon]
 12021 | D:8      | HP: 17/80 [poisoned by an orange demon]
 12026 | D:8      | HP: 14/80 [poisoned by an orange demon]
 12424 | D:8      | Noticed Gastronok
 12444 | D:8      | Killed Gastronok
 12445 | D:8      | Reached skill level 5 in Fighting
 12445 | D:8      | Reached skill level 3 in Dodging
 12445 | D:8      | Reached skill level 7 in Unarmed Combat
 12827 | D:9      | Reached ** piety under Cheibriados
 12925 | D:9      | Noticed a two-headed ogre
 12934 | D:9      | Reached skill level 6 in Fighting
 12939 | D:9      | HP: 18/83 [two-headed ogre/+0 giant club (22)]
 12942 | D:9      | Killed a two-headed ogre
 13261 | D:9      | Reached XP level 11. HP: 88/89 MP: 17/17
 13357 | D:9      | Reached skill level 4 in Dodging
 13465 | D:9      | Noticed Maurice
 13475 | D:9      | Killed Maurice
 13813 | D:9      | Reached *** piety under Cheibriados
 14025 | D:9      | Reached skill level 8 in Unarmed Combat
 14163 | D:10     | Entered Level 10 of the Dungeon
 14226 | D:10     | Reached skill level 11 in Transmutations
 14909 | D:10     | Found Bodyn's Armour Emporium.
 15103 | D:10     | Found a basalt altar of Yredelemnul.
 15158 | D:10     | Found a radiant altar of Vehumet.
 16182 | D:11     | Reached skill level 12 in Transmutations
 16191 | D:11     | Reached skill level 7 in Fighting
 16191 | D:11     | HP: 21/92 [black bear (3)]
 16198 | D:11     | HP: 19/92 [black bear (4)]
 16203 | D:11     | HP: 7/92 [gargoyle/stone arrow (12)]
 16236 | D:11     | HP: 21/92 [orc warrior/+0 hand axe (4)]
 16240 | D:11     | Reached skill level 5 in Dodging
 16569 | D:11     | HP: 8/92 [centaur/arrow (17)]
 16570 | D:11     | Slain by a centaur

Illustrated notes

Levels and vault maps discovered:
D:1:      minmay_arrival_radiant_lines, layout_loops_ring, serial_shops,
          nicolae_shop_statue_plus, minmay_liquid_box
D:2:      layout_basic, hellmonk_ecumenical_altar_arch_garden, basic_altar,
          minmay_misc_feat_tower, nrook_uturn
D:3:      layout_basic, nicolae_underground_beach, uniq_grinder, uniq_natasha
D:4:      minmay_polygon_palace, layout_basic, serial_corexii_hall,
          corexii_hall_statues_i, chequers_hall_statues_corner_a,
          dreamdust_wishing_well
D:5:      layout_basic, gup_sewer_entry_bowl, hex_intersection,
          item_on_display_a, uniq_duvessa, uniq_sigmund, uniq_blork_the_orc
D:6:      layout_rooms, lemuel_tele_altar, nicolae_overflow_hidden_temple,
          minmay_temple_entry_wispy, uniq_edmund
D:7:      layout_basic, zin_scriptorium, kennysheep_generic_room_16,
          uniq_menkaure
D:8:      layout_basic, uniq_gastronok, uniq_amaemon
D:9:      layout_roguey, supply_closet_lemuel, uniq_maurice
D:10:     layout_basic, nicolae_vehumet_altar_sigil, yredelemnul_altar_generic,
          serial_shops, shop, lemuel_flame_loot_1
D:11:     layout_roguey, grunt_lair_entry_orc_guard_hut, wad_hexagon
Temple:   nicolae_temple_slightly_damp_pantheon

Skill      XL: |  1  2  3  4  5  6  7  8  9 10 11 |
---------------+----------------------------------+-----
Dodging        | 2 3 5 |  5.1
Fighting       | 2 3 6 7 |  7.4
Poison Magic   | 3 |  3.0
Transmutations | 4 6 7 9 10 12 | 12.0
Shields        | 3 5 |  5.0
Ice Magic      | 2 3 4 5 |  5.0
Spellcasting   | 4 |  4.2
Unarmed Combat | 5 7 8 |  8.4

Action                   |  1- 3 |  4- 6 |  7- 9 | 10-12 || total
-------------------------+-------+-------+-------+-------++-------
Melee: Unarmed           |    90 |       |   331 |   286 ||   707
       Kick              |    17 |     8 |     8 |       ||    33
       Tailslap          |    11 |     7 |    20 |    21 ||    59
       Headbutt          |     8 |     5 |     4 |       ||    17
       Punch             |     1 |     2 |     2 |     2 ||     7
       Spear             |       |    61 |    88 |     4 ||   153
Throw: Stone             |     4 |     6 |    17 |    19 ||    46
 Cast: Beastly Appendage |    31 |     5 |     7 |       ||    43
       Spider Form       |     1 |       |    26 |    12 ||    39
       Ice Form          |       |       |    10 |     2 ||    12
       Blade Hands       |       |       |    13 |    19 ||    32
 Abil: End Transformatio |    28 |     3 |    39 |    28 ||    98
       Breathe Acid      |       |       |     3 |     3 ||     6
  Use: Scroll            |     3 |     2 |    13 |     7 ||    25
       Potion            |       |       |     4 |     3 ||     7
 Stab: Sleeping          |     1 |     1 |     3 |       ||     5
Armor: Skin              |    12 |    17 |    96 |    51 ||   176
Dodge: Dodged            |    35 |    34 |   329 |   215 ||   613
Block: Buckler           |       |     1 |    29 |    11 ||    41

Table legend: (Time is in decaauts)
 A = Elapsed time spent in this place.
 B = Non-inter-level travel time spent in this place.
 C = Inter-level travel time spent in this place.
 D = Time resting spent in this place.
 E = Time spent auto-exploring this place.
 F = Levels seen in this place.
 G = Mean time per level.
                   A        B        C        D        E       F      G
               +--------+--------+--------+--------+--------+-----+--------+
         Total |  18096 |  17745 |    351 |   2365 |  12967 |  13 | 1392.0 |
       Dungeon |  16841 |  16514 |    327 |   2365 |  12047 |  11 | 1531.0 |
        Temple |    297 |    273 |     24 |      0 |    185 |   1 |  297.0 |
         Sewer |    957 |    957 |      0 |      0 |    734 |   1 |  957.0 |
               +--------+--------+--------+--------+--------+-----+--------+

Top non-repeatable levels by time:
    D:10: 2272 daAuts
     D:5: 2236 daAuts
     D:7: 2029 daAuts
     D:4: 1802 daAuts
     D:8: 1682 daAuts
     D:9: 1631 daAuts
     D:6: 1420 daAuts
     D:3: 1036 daAuts
     D:2: 992 daAuts
   Sewer: 957 daAuts
     D:1: 889 daAuts
    D:11: 848 daAuts
  Temple: 297 daAuts

Table legend:
 A = Kills in this place as a percentage of kills in entire the game.
 B = Kills by you in this place as a percentage of kills by you in the entire game.
 C = Kills by friends in this place as a percentage of kills by friends in the entire game.
 D = Other kills in this place as a percentage of other kills in the entire game.
 E = Experience gained in this place as a percentage of experience gained in the entire game.
 F = Experience gained in this place divided by the number of levels of this place that you have seen.
                   A       B       C       D       E      F
               +-------+-------+-------+-------+-------+----------------------
         Total | 100.0 | 100.0 |   N/A |   N/A | 100.0 | 1368.1
       Dungeon |  87.7 |  87.7 |   N/A |   N/A |  98.1 | 1585.9
         Sewer |  12.3 |  12.3 |   N/A |   N/A |   1.9 | 340.0
               +-------+-------+-------+-------+-------+----------------------
